 Dungeon Crawl Stone Soup version 0.31.0-12-g77e489cdc1 (webtiles) character file.

Game seed: 7811521133808329867

250 Fodor the Chopper (level 5, -2/47 HPs)
             Began as a Minotaur Fighter on Feb 17, 2024.
             Slain by an ice beast (14 damage)
             ... on level 4 of the Dungeon.
             The game lasted 00:14:56 (2924 turns).

Fodor the Chopper (Minotaur Fighter)                Turns: 2924, Time: 00:14:57

Health: -2/47      AC: 19    Str: 22    XL:     5   Next: 88%
Magic:  4/4        EV:  8    Int: 13    God:
Gold:   212        SH:  4    Dex: 10    Spells: 4/4 levels left

rFire   . . .        a - +0 war axe
rCold   . . .        c - +0 buckler
rNeg    . . .        k - +8 chain mail of the Hills {*Slow Int+8 SInv}
rPois   .            (helmet restricted)
rElec   .            (no cloak)
rCorr   .            j - +0 pair of gloves
SInv    +            (no boots)
Will    .....        (no amulet) Stlth
                     (no ring)
HPRegen 0.27/turn    (no ring)
MPRegen 0.09/turn

%: slow self (1%)
@: mighty
A: horns 2, retaliatory headbutt
a: no special abilities


You were on level 4 of the Dungeon.
You visited 1 branch of the dungeon, and saw 4 of its levels.

You collected 212 gold pieces.

Inventory:

Hand Weapons
 a - a +0 war axe (weapon)
 i - a +2 sling of freezing
Armour
 c - a +0 buckler (worn)
 j - a +0 pair of gloves (worn)
 k - the +8 chain mail of the Hills (worn) {*Slow Int+8 SInv}
   (You found it on level 3 of the Dungeon)

   Int+8:     It affects your intelligence (+8).
   SInv:      It lets you see invisible.
   *Slow:     It may slow you when you take damage.
Wands
 t - a wand of light (9)
Scrolls
 b - 2 scrolls of fog {unknown}
 e - 2 scrolls of immolation {unknown}
 g - 2 scrolls of vulnerability {unknown}
 h - 3 scrolls of revelation {unknown}
 l - 2 scrolls of teleportation {unknown}
 m - a scroll of fear {unknown}
 o - a scroll of noise {unknown}
 p - a scroll of enchant armour {unknown}
 q - a scroll of blinking {unknown}
 r - a scroll of amnesia {unknown}
 s - 2 scrolls of identify {unknown}
Potions
 d - a potion of degeneration {unknown}
 n - a potion of heal wounds {unknown}


   Skills:
 + Level 4.7 Fighting
 + Level 5.1 Axes
 + Level 4.9 Armour
 + Level 0.9 Dodging
 + Level 0.6 Stealth
 + Level 4.2 Shields


You had 4 spell levels left.
You didn't know any spells.
Your spell library was empty.

Dungeon Overview and Level Annotations

Branches:
Dungeon (4/15)
 Temple: D:4-7

Altars:
Xom

Shops:
D:4 !

Annotations:
D:2 1 runed translucent door, Crazy Yiuf


Innate Abilities, Weirdness & Mutations

You have a pair of horns on your head.
You reflexively headbutt those who attack you in melee.


Message History

You kill the kobold!
You closely miss the hound. You barely miss the phantom.
The hound barely misses you. x2; You furiously retaliate!
You headbutt the hound. The phantom hits you.
The phantom blinks!
You blink.
The phantom closely misses you. You furiously retaliate!
You headbutt the phantom! The phantom hits you.
The giant cockroach closely misses you. You furiously retaliate!
You headbutt the giant cockroach!
You kill the giant cockroach!
The goblin attacks as it pursues you! You block the goblin's attack.
You slash the goblin!
You kill the goblin!
You closely miss the phantom.
The phantom hits you but does no damage.
The orc hits you but does no damage.
You slash the orc!
You kill the orc!
You barely miss the phantom. You closely miss the hound.
The hound bites you but does no damage. The phantom hits you.
The orc barely misses you. The hound barely misses you.
The phantom completely misses you. You furiously retaliate!
You headbutt the phantom! You hit the ice beast but do no damage.
Your headbutt misses the ice beast. You barely miss the phantom.
You hit the hound but do no damage. The hound bites you.
The orc barely misses you. The ice beast closely misses you.
The phantom hits you. The hound bites you but does no damage.
The orc barely misses you.
You hit the ice beast.
The ice beast is lightly wounded.
You hit the phantom but do no damage. You slash the hound!
You kill the hound!
The phantom hits you but does no damage.
The ice beast hits you. The ice beast freezes you!
* * * LOW HITPOINT WARNING * * *
The orc completely misses you.
You feel very mighty all of a sudden. The phantom misses you.
The ice beast hits you.
* * * LOW HITPOINT WARNING * * *
The ice beast freezes you!
You die...

######## #.....W# #######
#####....)@# #.....#
≈≈§.....oY.# #####.#
oo§≈.......##############.#
☼☼.≈.......................
§~...##.#...........#####.#
.g~≈# #)............# #.# ~
≈≈ #§............# #..
#.#...........## #.#
#..<...........####.#


You could see an ice beast, a phantom and an orc.

Vanquished Creatures
  A phantom (D:4)
  A bombardier beetle (D:4)
  A hound (D:4)
  An orc priest (D:3)
  An adder (D:3)
  A ribbon worm (D:3)
  5 orcs
  4 bats
  9 endoplasms
  2 giant cockroaches
  5 goblins
  6 hobgoblins
  4 jackals (D:2)
  2 kobolds
  8 ball pythons
  9 frilled lizards
  4 rats
64 creatures vanquished.

Vanquished Creatures (others)
  A giant cockroach (D:4)
1 creature vanquished.

Grand Total: 65 creatures vanquished

Notes
Turn   | Place    | Note
-------+----------+-------------------------------------------
     0 | D:1      | Fodor the Minotaur Fighter began the quest for the Orb.
     0 | D:1      | Reached XP level 1. HP: 19/19 MP: 0/0
   363 | D:1      | Reached XP level 2. HP: 27/27 MP: 1/1
  1087 | D:2      | Reached XP level 3. HP: 26/33 MP: 2/2
  1184 | D:2      | Reached skill level 3 in Axes
  1635 | D:2      | Found a runed translucent door.
  1636 | D:2      | Noticed Crazy Yiuf
  1731 | D:3      | HP: 1/33 [orc priest/nerve-wracking pain (13)]
  1739 | D:3      | Reached XP level 4. HP: 10/41 MP: 3/3
  2018 | D:3      | Identified the +8 chain mail of the Hills {*Slow Int+8
                  | SInv}
  2397 | D:3      | Reached skill level 4 in Axes
  2523 | D:4      | Found Hoeleu's Distillery.
  2561 | D:4      | Reached XP level 5. HP: 28/47 MP: 4/4
  2643 | D:4      | Noticed a phantom
  2651 | D:4      | Killed a phantom
  2905 | D:4      | Noticed a phantom
  2906 | D:4      | Found a shimmering altar of Xom.
  2906 | D:4      | Noticed an ice beast
  2914 | D:4      | Reached skill level 5 in Axes
  2924 | D:4      | Slain by an ice beast

Illustrated notes

Levels and vault maps discovered:
D:1:      nagdon_arrival_double_spiral, layout_basic, roderic_lattice_a,
          minmay_misc_feat_plants, hex_large
D:2:      layout_basic, serial_park_tiny_2, uniq_crazy_yiuf_cottage
D:3:      layout_basic, grunt_decor_cap, corexii_hall_statues_s
D:4:      minmay_door_path, layout_basic, xom_confusion_cloud, serial_shops,
          shop_statue, shop, shop

Skill      XL: |  1  2  3  4  5 |
---------------+----------------+-----
Fighting       | 4 |  4.7
Armour         | 4 |  4.9
Axes           | 3 4 5 |  5.1
Shields        | 4 |  4.2
Dodging        | |  0.9
Stealth        | |  0.6

Action                     |  1- 3 |  4- 6 || total
---------------------------+-------+-------++-------
  Melee: War axe           |    83 |    36 ||   119
         Headbutt          |    11 |     6 ||    17
    Use: Potion            |     4 |     1 ||     5
 Armour: Scale mail        |    54 |     3 ||    57
         Skin              |    12 |       ||    12
         Chain mail        |       |    40 ||    40
  Dodge: Dodged            |    46 |    30 ||    76
  Block: Buckler           |    23 |     5 ||    28
